 Dungeon Crawl Stone Soup version 0.27-a0-1278-g6cbc8dfb29 (webtiles) character file.

Game seed: 12860139811303852044

490 freelancePsychic the Magician (level 7, 0/75 HPs)
             Began as a Djinni Warper on June 12, 2021.
             Slain by an iguana (6 damage)
             ... on level 4 of the Dungeon.
             The game lasted 00:10:31 (7129 turns).

freelancePsychic the Magician (Djinni Warper)       Turns: 7129, Time: 00:10:31

Health: 0/75       AC: 23    Str: 10    XL:     7   Next: 36%
Gold:   182        EV:  2    Int: 17    God:
                   SH:  0    Dex: 12

rFire    . . .     SeeInvis .   a - +0 falchion
rCold    . . .     Faith    .   o - +2 buckler
rNeg     + + +     Spirit   .   (armour currently unavailable)
rPois    ∞         Reflect  .   (helmet currently unavailable)
rElec    .         Harm     .   (cloak currently unavailable)
rCorr    .         Rampage  .   (gloves currently unavailable)
Will     .....     NoTele   +   (boots unavailable)
Stlth    +.........             (no amulet)
HPRegen  0.22/turn              (no ring)
MPRegen  0.00/turn              (no ring)

@: confused, tree-form, ambrosia-drunk
A: stationary, stasis, torment immunity, boosted hp, sickness immunity, (fire
resistance 2), (cold vulnerability 1), float, innate caster, hp casting, extra
vitality 1
a: no special abilities


You were on level 4 of the Dungeon.
You were a tree.
You visited 1 branch of the dungeon, and saw 4 of its levels.
You also visited: Sewer.

You collected 182 gold pieces.

Inventory:

Hand Weapons
 a - a +0 falchion (weapon)
Armour
 b - a +0 leather armour (melded)
 e - a +2 scale mail of cold resistance
 o - a +2 buckler (worn)
Jewellery
 n - a ring of resist corrosion
Scrolls
 j - a scroll of fog
Potions
 c - a potion of flight {unknown}
 f - a potion of mutation {unknown}
 g - a potion of lignification
 h - a potion of haste {unknown}
 i - a potion of brilliance {unknown}
 k - a potion of degeneration {unknown}
 l - a potion of heal wounds {unknown}


   Skills:
 - Level 3.3 Fighting
 - Level 3.0 Long Blades
 - Level 0.7 Throwing
 - Level 1.0 Armour
 - Level 2.2 Dodging
 + Level 2.3 Shields
 * Level 4.8 Spellcasting


You couldn't memorise any spells.
You knew the following spells:

 Your Spells              Type           Power      Damage    Failure   Level
a - Blink                 Tloc           N/A        N/A       3%          2
b - Lesser Beckoning      Tloc           10%        N/A       8%          3
c - Gell's Gravitas       Tloc           10%        N/A       8%          3
d - Teleport Other        Tloc           20%        N/A       8%          3
e - Manifold Assault      Tloc           20%        N/A       56%         5
f - Apportation           Tloc           40%        N/A       2%          1
g - Ensorcelled Hibernat  Hex/Ice        40%        N/A       3%          2
h - Summon Guardian Gole  Hex/Summ       20%        N/A       8%          3
Your spell library was empty.

Dungeon Overview and Level Annotations

Branches:
Dungeon (4/15)              Sewer (visited)
 Temple: D:4-7

Altars:
Beogh

Annotations:
D:3 Sigmund


Innate Abilities, Weirdness & Mutations

You are a tree.
Your roots penetrate the ground, keeping you stationary.
You cannot be teleported.
You are immune to unholy pain and torment.
Your maximum health is greatly increased.
Your equipment is partially melded.
You are immune to sickness and miasma.
You are immune to poison.
((Your flesh is very heat resistant. (rF++)))
((You are vulnerable to cold. (rC-)))
You float through the air rather than walking.
You learn spells naturally, not from books.
Your magical power is your life essence.
You have superior vitality. (+4 HP)


Message History

You are too injured to fight recklessly!
You are too injured to fight recklessly!
You are too injured to fight recklessly!
You are too injured to fight recklessly!
You are too injured to fight recklessly!
You are too injured to fight recklessly!
You hit the iguana but do no damage.
The iguana is heavily wounded.
The iguana bites you!
You hit the iguana.
The iguana is severely wounded.
The iguana bites you!
* * * LOW HITPOINT WARNING * * *
You hit the iguana.
The iguana is severely wounded.
The iguana bites you.
* * * LOW HITPOINT WARNING * * *
There is an open door here.
You see here a giant cockroach corpse.
Blink to where?
Press: ? - help, Dir - move target
As you read the scroll of blinking, it crumbles to dust.
A goblin comes into view. It is wielding a +0 dagger of venom.
The goblin shouts!
Casting: Summon Guardian Golem (dangerous; 10% risk of failure)
Confirm with . or Enter, or press ? or * to list all spells.
You blink.
* * * LOW HITPOINT WARNING * * *
Casting: Blink (safe; 4% risk of failure)
Confirm with . or Enter, or press ? or * to list all spells.
You don't have enough health to cast this spell.
Okay, then.
It was a potion of lignification.
You turn into a tree.
Your +0 leather armour melds into your body.
Your roots penetrate the ground.
The iguana bites you but does no damage.
It was a potion of ambrosia.
You are confused.
You feel invigorated. The iguana bites you.
You die...

..#.......... ..
#............. ....
..#...........#######....
#..#.....................
.###..............<......
.........................
........###+##.......####
........#.. #.(g.....#
........#.. #..♣...#'#
........#... #..l..##.##
####....#... #....##...##
'..#....+....#...##.....###
#..'....#....#...†...⌠.....
#..#....#....'...###...###.
#..#....#....#.....#...#
#..#....'....#.....#...#
#..#....#... #.....#.>.#


You could see an iguana and a goblin.

Vanquished Creatures
  A bullfrog (Sewer)
  A hound skeleton (D:4)
  4 gnolls
  11 adders
  3 worms (D:2)
  2 dart slugs
  5 orcs
  22 endoplasms
  23 giant cockroaches
  6 goblins
  7 hobgoblins
  A jackal (D:2)
  14 quokkas
  16 ball pythons
  7 bats
  14 frilled lizards
  9 kobolds
  5 rats
151 creatures vanquished.

Vanquished Creatures (others)
  A black bear (D:4)
1 creature vanquished.

Grand Total: 152 creatures vanquished

Notes
Turn   | Place    | Note
-------+----------+-------------------------------------------
     0 | D:1      | freelancePsychic the Djinni Warper began the quest for the
                  | Orb.
     0 | D:1      | Reached XP level 1. HP: 18/18 MP: 0/0
   256 | D:1      | Reached XP level 2. HP: 14/23 MP: 0/0
   968 | D:1      | Reached XP level 3. HP: 20/29 MP: 0/0
   968 | D:1      | Learned a level 1 spell: Apportation
  1112 | D:1      | Found a faded altar of an unknown god.
  1541 | D:2      | Reached skill level 3 in Spellcasting
  1900 | D:2      | Reached XP level 4. HP: 13/34 MP: 0/0
  3036 | D:3      | Noticed Sigmund
  3231 | D:1      | Reached XP level 5. HP: 19/40 MP: 0/0
  3231 | D:1      | Learned a level 2 spell: Ensorcelled Hibernation
  4891 | D:4      | Noticed a black bear
  4948 | D:4      | Reached XP level 6. HP: 44/46 MP: 0/0
  4978 | D:4      | Found a glowing drain.
  4997 | Sewer    | Entered a sewer
  5389 | Sewer    | Reached skill level 4 in Spellcasting
  6021 | Sewer    | Reached skill level 1 in Shields
  6531 | Sewer    | Reached XP level 7. HP: 18/50 MP: 0/0
  6531 | Sewer    | Learned a level 3 spell: Summon Guardian Golem
  7129 | D:4      | Slain by an iguana

Illustrated notes

Levels and vault maps discovered:
D:1:      lemuel_arrival_lava_pool, layout_basic,
          hellmonk_ecumenical_altar_defaced_shrine, st_stairs_8
D:2:      minmay_diamond_boxcup, layout_basic, kennysheep_generic_room_13
D:3:      minmay_chambers_of_threes, layout_basic, bh_walls_and_bars,
          uniq_sigmund
D:4:      layout_gridville, gup_sewer_entry_pipe, grunt_ministairs_14,
          hex_medium

Skill      XL: |  1  2  3  4  5  6  7 |
---------------+----------------------+-----
Long Blades    | 2 3 |  3.0
Spellcasting   | 3 4 |  4.8
Fighting       | 3 |  3.3
Shields        | 1 2 |  2.3
Throwing       | |  0.7
Armour         | |  1.0
Dodging        | |  2.2

Action                   |  1- 3 |  4- 6 |  7- 9 || total
-------------------------+-------+-------+-------++-------
Melee: Falchion          |   111 |   416 |    32 ||   559
Throw: Boomerang         |     5 |       |       ||     5
 Cast: Blink             |     1 |     1 |     1 ||     3
       Apportation       |     1 |       |       ||     1
       Teleport Other    |       |     6 |       ||     6
       Ensorcelled Hiber |       |     1 |       ||     1
       Summon Guardian G |       |       |     1 ||     1
  Use: Scroll            |     2 |     4 |     2 ||     8
       Potion            |       |     2 |     2 ||     4
 Stab: Sleeping          |       |     1 |       ||     1
Armor: Leather armour    |    29 |   106 |     3 ||   138
       Skin              |       |       |     1 ||     1
Dodge: Dodged            |    80 |   293 |    12 ||   385
Block: Buckler           |       |    70 |     7 ||    77
       Rpst.: Falchion   |    34 |   104 |     4 ||   142

Table legend: (Time is in decaauts)
 A = Elapsed time spent in this place.
 B = Non-inter-level travel time spent in this place.
 C = Inter-level travel time spent in this place.
 D = Time resting spent in this place.
 E = Time spent auto-exploring this place.
 F = Levels seen in this place.
 G = Mean time per level.
                   A        B        C        D        E       F      G
               +--------+--------+--------+--------+--------+-----+--------+
         Total |   7241 |   7152 |     89 |   1248 |   4430 |   5 | 1448.2 |
       Dungeon |   5450 |   5361 |     89 |    896 |   3366 |   4 | 1362.5 |
         Sewer |   1791 |   1791 |      0 |    352 |   1064 |   1 | 1791.0 |
               +--------+--------+--------+--------+--------+-----+--------+

Top non-repeatable levels by time:
     D:1: 1854 daAuts
     D:2: 1847 daAuts
   Sewer: 1791 daAuts
     D:3: 1026 daAuts
     D:4: 721 daAuts
